 Dungeon Crawl Stone Soup version 0.17.0-1-g61d176b (webtiles) character file.

53 BLOAX the Insei (level 3, -4/20 HPs)
             Began as a Tengu Transmuter on Nov 7, 2015.
             Slain by an orc
             ... wielding a +0 war axe
              (9 damage)
             ... on level 4 of the Dungeon.
             The game lasted 00:02:58 (661 turns).

BLOAX the Insei (Tengu Transmuter)                   Turns: 661, Time: 00:02:58

Health: -4/20      AC:  5    Str: 11    XL:     3   Next: 89%
Magic:  7/7        EV: 11    Int: 13    God:
Gold:   56         SH:  0    Dex: 14    Spells: 1 memorised, 5 levels left

rFire  . . .     SeeInvis .       - Unarmed
rCold  . . .     Clarity  .     e - +0 ring mail
rNeg   . . .     SustAt   .     (no shield)
rPois  .         Gourm    .     (helmet restricted)
rElec  .         Spirit   .     (no cloak)
rCorr  .         Warding  .     (no gloves)
rMut   .         Stasis   .     (boots unavailable)
MR     .....                    (no amulet)
Stlth  +.........               (no ring)
                                (no ring)

@: not resistant to hostile enchantments, very unstealthy
A: beak, talons 3
a: no special abilities


You were on level 4 of the Dungeon.
You were full.

You visited 1 branch of the dungeon, and saw 4 of its levels.

You collected 56 gold pieces.


Innate Abilities, Weirdness & Mutations

You have a beak for a mouth.
You have claws for feet.


   Skills:
 - Level 1.0 Fighting
 - Level 2.1 Dodging
 + Level 5.1 Unarmed Combat
 - Level 2.0 Spellcasting
 - Level 1.5 Transmutations


You had 5 spell levels left.
You knew the following spells:

 Your Spells              Type           Power        Failure   Level  Hunger
a - Beastly Appendage     Trmt           #.....       34%         1    ##.....


Dungeon Overview and Level Annotations

Branches:
Dungeon (4/15)
 Temple: D:4-7

Altars:
Makhleb

Inventory:

Missiles
 a - 38 arrows
Armour
 e - a +0 ring mail (worn)
   (You found it on level 1 of the Dungeon)
Scrolls
 b - 3 scrolls of identify {unknown}
 f - a scroll of amnesia {unknown}
 g - a scroll of noise {unknown}
 i - a scroll of enchant weapon {unknown}
 k - a scroll of immolation {unknown}
Potions
 j - a potion of might {unknown}
 l - a potion of magic {unknown}
Books
 c - a book of Changes

   Spells                             Type                      Level
   a - Beastly Appendage              Transmutation                1
   b - Sticks to Snakes               Transmutation                2
   c - Spider Form                    Transmutation/Poison         3
   d - Ice Form                       Ice/Transmutation            4
   e - Blade Hands                    Transmutation                5
Comestibles
 d - 2 bread rations

####.##.#.# #.#.#
#....##..# #..# #.......##
##.######## ........#..##
##.........#
..##.#..###.###....#####.#
. #.#..# ##.#....## .....#
##.##.## #####.# ####.#
#.# #@# #.# ##o## ##.o.##
##.....## ##.......##
#.........# +.........+
#...).....# ##.......##


You could see 2 orcs.


Message History

A quokka comes into view.
You closely miss the orc wizard.
You claw the orc wizard, but do no damage.
The orc wizard is severely wounded.
The orc wizard hits you but does no damage. x2
You hit the orc wizard but do no damage.
The orc wizard is severely wounded.
The orc wizard misses you.
You closely miss the orc wizard. You peck the orc wizard.
The orc wizard is almost dead.
The orc wizard hits you but does no damage.
You barely miss the orc wizard. You peck the orc wizard.
You kill the orc wizard!
Your Unarmed Combat skill increases to level 5!
You closely miss the orc. You claw the orc, but do no damage.
The orc hits you but does no damage.
You barely miss the orc. The orc barely misses you.
You barely miss the orc. You claw the orc, but do no damage. You hit the orc.
You peck the orc.
You kill the orc!
You closely miss the quokka. You claw the quokka.
The quokka is moderately wounded.
The quokka barely misses you.
You hit the quokka.
The quokka is heavily wounded.
The quokka misses you.
You miss the quokka.
The quokka is heavily wounded.
The quokka closely misses you.
You miss the quokka. You peck the quokka.
The quokka is severely wounded.
The quokka barely misses you.
You hit the quokka but do no damage.
The quokka is severely wounded.
The quokka closely misses you.
You hit the quokka but do no damage.
The quokka is severely wounded.
The quokka misses you.
An orc comes into view. It is wielding a hand axe.
The orc shouts!
You hit the quokka but do no damage.
The quokka is severely wounded.
The quokka bites you.
You barely miss the quokka. You claw the quokka. You peck the quokka.
You kill the quokka!
An orc comes into view. It is wielding a war axe.
The orc shouts!
The orc throws a tomahawk.
The tomahawk barely misses you.
Items here: %% ( )) [ The orc throws a tomahawk.
The tomahawk hits you but does no damage.
The orc hits you with a hand axe.
* * * LOW HITPOINT WARNING * * *
You see here a tomahawk.
You barely miss the orc. You peck the orc, but do no damage.
The orc hits you with a hand axe.
* * * LOW HITPOINT WARNING * * *
You are too injured to fight recklessly!
Items here: %% ( )) [
There is an open door here.
You aren't carrying any items that can be evoked.
There is an open door here.
You close the door.
An orc opens the door.
You close the door.
An orc opens the door.
Here: an orc, wielding a war axe and wearing a leather armour An open door.
You hit the orc.
The orc is heavily wounded.
The orc hits you with a war axe!
You die...

Action                   || total
-------------------------++-------
Melee: Unarmed           ||    70
  Eat: Meat ration       ||     1

Vault maps used:
D:1:      minmay_arrival_cross, serial_bayou_pond_e
D:2:      first_bread
D:3:      grunt_gozag_statues, kennysheep_generic_room_8
D:4:      lemuel_crystal_altar, vehumet_crystals, grunt_dithmenos_smoke

Notes
Turn   | Place    | Note
--------------------------------------------------------------
     0 | D:1      | BLOAX the Tengu Transmuter began the quest for the Orb.
     0 | D:1      | Reached XP level 1. HP: 12/12 MP: 4/4
   134 | D:2      | Reached skill level 4 in Unarmed Combat
   134 | D:2      | Reached XP level 2. HP: 8/16 MP: 6/6
   479 | D:4      | Noticed an ogre
   493 | D:4      | Found a burning altar of Makhleb.
   560 | D:4      | Reached XP level 3. HP: 16/20 MP: 7/7
   607 | D:4      | Reached skill level 5 in Unarmed Combat
   622 | D:4      | HP: 3/20 [orc/hand axe (4)]
   661 | D:4      | Slain by an orc

Vanquished Creatures
  An orc wizard (D:4)
  An adder (D:2)
  2 orcs (D:4)
  2 bats (D:2)
  A giant cockroach (D:2)
  A goblin (D:2)
  3 kobolds (D:2)
  A quokka (D:4)
  A ball python (D:1)
  A giant gecko (D:1)
  3 rats
17 creatures vanquished.

Vault maps used:
D:1:      minmay_arrival_cross, serial_bayou_pond_e
D:2:      first_bread
D:3:      grunt_gozag_statues, kennysheep_generic_room_8
D:4:      lemuel_crystal_altar, vehumet_crystals, grunt_dithmenos_smoke
